 Dungeon Crawl Stone Soup version 0.20.1-1-g8b1a95d66d (webtiles) character file.

929 DorianNounverber the Caller (level 8, -3/54 HPs)
             Began as a Merfolk Summoner on Dec 1, 2017.
             Was a Follower of Vehumet.
             Slain by an orc warrior
             ... wielding a +0 mace
              (14 damage)
             ... on level 7 of the Dungeon.
             The game lasted 00:41:47 (5333 turns).

DorianNounverber the Caller (Merfolk Summoner)      Turns: 5333, Time: 00:41:49

Health: -3/54      AC:  4    Str:  8      XL:     8   Next: 11%
Magic:  16/16      EV: 13    Int: 17      God:    Vehumet [*.....]
Gold:   404        SH:  0    Dex: 13 (14) Spells: 4/17 levels left

rFire    + . .     SeeInvis .   M - +0 trident
rCold    x . .     Gourm    .   (no shield)
rNeg     . . .     Faith    .   a - +0 robe
rPois    .         Spirit   .   (no helmet)
rElec    .         Reflect  .   H - +0 cloak
rCorr    .         Harm     .   (no gloves)
MR       .....                  E - +0 pair of boots
Stlth    ++........             (no amulet)
Regen    0.2/turn               x - ring of fire
MPRegen  0.2/turn               (no ring)

@: no status effects
A: change form in water, swift swim, stealthy swim
a: Renounce Religion


You were on level 7 of the Dungeon.
You worshipped Vehumet.
Vehumet was aware of your devotion.
You were full.

You visited 1 branch of the dungeon, and saw 7 of its levels.

You collected 404 gold pieces.

Inventory:

Hand Weapons
 d - a +0 hunting sling
 e - a +0 club
 s - a +0 spear
 M - a +0 trident (weapon)
Missiles
 g - 31 sling bullets
 i - 142 arrows
 u - 30 poisoned needles
 B - 113 stones
 I - 7 tomahawks (quivered)
Armour
 a - a +0 robe (worn)
 j - a +0 leather armour
 t - a +0 ring mail
 E - a +0 pair of boots (worn)
 H - a +0 cloak (worn)
 L - a +0 scale mail
 Q - a +0 helmet
Magical Staves
 T - an uncursed staff of power
Jewellery
 x - a ring of fire (left hand)
Wands
 C - a wand of acid (6/15)
 F - a wand of digging (12/24)
 N - a wand of digging (15/24)
 U - a wand of scattershot (3/9)
Scrolls
 h - a scroll of enchant weapon {unknown}
 m - 2 scrolls of remove curse {unknown}
 o - a scroll of magic mapping {unknown}
 p - a scroll of fear {unknown}
 q - 2 scrolls of blinking
 v - 2 scrolls of enchant armour {unknown}
 y - 4 scrolls of identify {unknown}
 z - 2 scrolls of teleportation {unknown}
 A - a scroll of immolation {unknown}
 G - 2 scrolls of amnesia {unknown}
 K - a scroll of noise {unknown}
 P - 2 scrolls of recharging {unknown}
Potions
 c - 3 potions of curing {unknown}
 f - 2 potions of heal wounds
 k - a potion of haste
 l - 2 potions of flight
 n - 2 potions of mutation {unknown}
 r - 2 potions of might {unknown}
 w - a potion of ambrosia {unknown}
 J - a potion of lignification {unknown}
 O - a potion of degeneration {unknown}
Books
 b - a book of Callings

   Spells                             Type                      Level
   a - Summon Small Mammal            Summoning                    1
   b - Call Imp                       Summoning                    2
   c - Call Canine Familiar           Summoning                    3
   d - Summon Guardian Golem          Hexes/Summoning              3
   e - Summon Lightning Spire         Summoning/Air                4
   f - Summon Ice Beast               Ice/Summoning                4
Comestibles
 D - 5 meat rations
 R - a bread ration
 S - a royal jelly


   Skills:
 + Level 1.0 Fighting
 + Level 2.8 Polearms
 + Level 0.4(1.0) Slings
 + Level 1.5(1.6) Throwing
 + Level 0.2 Armour
 + Level 3.1 Dodging
 + Level 3.2 Stealth
 + Level 5.4 Spellcasting
 + Level 0.6 Hexes
 + Level 6.8 Summonings
 + Level 0.2 Ice Magic


You had 4 spell levels left.
You knew the following spells:

 Your Spells              Type           Power        Failure   Level  Hunger
a - Summon Small Mammal   Summ           ####         1%          1    None
b - Call Imp              Summ           ####....     1%          2    #......
c - Call Canine Familiar  Summ           ####....     2%          3    ##.....
d - Summon Guardian Gole  Hex/Summ       ###.....     9%          3    ##.....
e - Summon Ice Beast      Ice/Summ       ###.....     30%         4    ####...


Dungeon Overview and Level Annotations

Branches:
Dungeon (7/15)
 Temple: D:4-7

Altars:
Cheibriados
Elyvilon
Fedhas
Hepliaklqana
Kikubaaqudgha
Okawaru
Vehumet
Zin
The Shining One


Message History

You start resting.
HP restored.
You climb downwards.
Your summoned ally is left behind.
The quasit bites you. The quasit barely misses you.
The quasit claws you but does no damage.
The orc warrior hits you with a mace!
The orc priest invokes the aid of Beogh against you.
Beogh smites you! The quasit bites you.
You feel clumsy.
The quasit claws you but does no damage.
The quasit claws you.
There is a stone staircase leading up, spattered with blood here.
The orc priest mumbles some strange prayers to Beogh against you.
Beogh smites you!
* * * LOW HITPOINT WARNING * * *
The quasit bites you.
* * * LOW HITPOINT WARNING * * *
The quasit claws you but does no damage. x2
The orc warrior hits you with a mace!
You die...

########.
#........
#......[.
#.####o.......
#....@.......
##....5......
#............
#.#$#.........
..
#...###o#### #
#### .# #


You could see an orc warrior, an orc priest and a quasit.

Vanquished Creatures
  An ogre (D:5)
  A centaur (D:5)
  A crimson imp (D:5)
  An orc wizard (D:6)
  A hound zombie (D:5)
  A hound skeleton (D:5)
  A dart slug (D:3)
  4 leopard geckos
  2 orcs
  A ball python (D:6)
  5 giant cockroaches
  2 goblins (D:2)
  3 hobgoblins
  2 jackals (D:5)
  3 quokkas
  4 bats (D:1)
  8 frilled lizards
  A goblin skeleton (D:6)
  An orc skeleton (D:6)
  6 rats
49 creatures vanquished.

Vanquished Creatures (collateral kills)
  Eustachio (D:5)
  Menkaure (D:6)
  The ghost of Meaglor the Caller, an amateur TeSu (D:4)
  An ice beast (D:5)
  A sky beast (D:5)
  2 phantoms (D:4)
  An ogre (D:5)
  A centaur (D:5)
  2 hounds
  An orc priest (D:5)
  An orc wizard (D:6)
  4 worker ants
  A hound zombie (D:6)
  2 hound skeletons (D:6)
  2 adders
  A howler monkey skeleton (D:5)
  A shadow imp (D:6)
  An adder zombie (D:5)
  A worm (D:2)
  8 dart slugs
  A leopard gecko (D:6)
  12 orcs
  A bat (D:3)
  A giant cockroach (D:1)
  2 goblins (D:3)
  4 hobgoblins (D:1)
  2 jackals (D:5)
  A quokka (D:6)
  4 frilled lizards
  3 goblin skeletons (D:6)
  A goblin zombie (D:6)
  A hobgoblin zombie (D:6)
  3 kobolds
  A kobold skeleton (D:6)
  2 orc skeletons (D:6)
  An orc zombie (D:6)
74 creatures vanquished.

Grand Total: 123 creatures vanquished

Notes
Turn   | Place    | Note
-------+----------+-------------------------------------------
     0 | D:1      | DorianNounverber the Merfolk Summoner began the quest for the Orb.
     0 | D:1      | Reached XP level 1. HP: 13/13 MP: 3/3
   207 | D:1      | Reached XP level 2. HP: 19/19 MP: 1/5
   846 | D:2      | Learned a level 2 spell: Call Imp
   986 | D:2      | Found a glowing silver altar of Zin.
   995 | D:2      | Found a blossoming altar of Fedhas.
  1004 | D:2      | Found a snail-covered altar of Cheibriados.
  1013 | D:2      | Found an ancient bone altar of Kikubaaqudgha.
  1026 | D:2      | Found a hazy altar of Hepliaklqana.
  1037 | D:2      | Found an iron altar of Okawaru.
  1046 | D:2      | Found a white marble altar of Elyvilon.
  1190 | D:2      | Reached XP level 3. HP: 12/24 MP: 0/6
  2098 | D:3      | Reached XP level 4. HP: 21/30 MP: 2/8
  2103 | D:3      | Learned a level 3 spell: Call Canine Familiar
  2672 | D:4      | Noticed a phantom
  2680 | D:4      | Noticed Meaglor's ghost (amateur TeSu)
  2693 | D:4      | Killed Meaglor's ghost
  2693 | D:4      | Reached skill level 1 in Throwing
  2693 | D:4      | Reached skill level 5 in Summonings
  2693 | D:4      | Reached XP level 5. HP: 36/36 MP: 0/10
  2726 | D:4      | Killed a phantom
  2726 | D:4      | Reached skill level 1 in Polearms
  2726 | D:4      | Reached XP level 6. HP: 28/42 MP: 0/11
  2748 | D:4      | Noticed a phantom
  2831 | D:4      | Killed a phantom
  3100 | D:5      | Entered Level 5 of the Dungeon
  3124 | D:5      | Learned a level 3 spell: Summon Guardian Golem
  3246 | D:5      | Noticed Eustachio
  3263 | D:5      | Killed Eustachio
  3263 | D:5      | Reached XP level 7. HP: 32/47 MP: 1/13
  3312 | D:5      | Reached skill level 6 in Summonings
  3783 | D:5      | Found a radiant altar of Vehumet.
  3787 | D:5      | Became a worshipper of Vehumet
  3874 | D:5      | Reached skill level 5 in Spellcasting
  3880 | D:5      | Gained mutation: You are agile. (Dex +2) [mutagenic meat]
  3881 | D:5      | Lost mutation: You are agile. (Dex +2) [mutagenic meat]
  4067 | D:6      | Learned a level 4 spell: Summon Ice Beast
  4098 | D:6      | Found a glowing golden altar of the Shining One.
  4100 | D:6      | Noticed a small abomination
  4228 | D:6      | Reached * piety under Vehumet
  4228 | D:6      | Offered knowledge of Freeze by Vehumet.
  4626 | D:6      | Found Tawimunn's Gadget Shop.
  4805 | D:6      | Noticed Menkaure
  4815 | D:6      | Killed Menkaure
  4815 | D:6      | Reached skill level 1 in Fighting
  4815 | D:6      | Reached XP level 8. HP: 54/54 MP: 3/15
  5333 | D:7      | Slain by an orc warrior

Skill      XL: |  1  2  3  4  5  6  7 |
---------------+----------------------+-----
Dodging        | 3 |  3.1
Spellcasting   | 3 4 5 |  5.4
Throwing       | 1 |  1.5
Summonings     | 5 6 |  6.8
Polearms       | 1 2 |  2.8
Stealth        | 3 |  3.2
Fighting       | 1 |  1.0
Slings         | |  0.4
Armour         | |  0.2
Hexes          | |  0.6
Ice Magic      | |  0.2

Action                   |  1- 3 |  4- 6 |  7- 9 || total
-------------------------+-------+-------+-------++-------
Melee: Spear             |    31 |   104 |    31 ||   166
       Trident           |       |       |    48 ||    48
 Fire: Hunting sling     |    34 |       |       ||    34
Throw: Tomahawk          |     5 |    23 |     3 ||    31
       Stone             |       |     1 |       ||     1
 Cast: Summon Small Mamm |    55 |    49 |    53 ||   157
       Call Imp          |     6 |     8 |    13 ||    27
       Call Canine Famil |       |     5 |    15 ||    20
       Summon Guardian G |       |     1 |     3 ||     4
  Use: Scroll            |       |     1 |       ||     1
       Potion            |       |     3 |       ||     3
 Stab: Sleeping          |     1 |     3 |     1 ||     5
       Distracted        |     1 |     2 |     3 ||     6
  Eat: Bread ration      |     1 |       |     2 ||     3
       Fruit             |     2 |     3 |       ||     5
       Meat ration       |       |     1 |       ||     1
       Chunk             |       |       |     2 ||     2
       Royal jelly       |       |       |     1 ||     1
Armor: Robe              |     3 |     8 |    11 ||    22
Dodge: Dodged            |    22 |    28 |    30 ||    80
